 Dungeon Crawl Stone Soup version 0.19.5 (webtiles) character file.

65 equalderp2856 the Scratcher (level 3, 0/17 HPs)
             Began as a Felid Fighter on Mar 13, 2017.
             Slain by a jelly (2 damage)
             ... on level 3 of the Dungeon.
             The game lasted 00:02:52 (2061 turns).

equalderp2856 the Scratcher (Felid Fighter)         Turns: 2061, Time: 00:02:53

Health: 0/17       AC: -3    Str: 13    XL:     3   Next: 92%
Magic:  4/4        EV: 19    Int:  9    God:
Gold:   88         SH:  0    Dex: 15    Spells: 0 memorised, 2 levels left
                                        Lives:  0   Deaths: 0

rFire  . . .     SeeInvis +       - Unarmed
rCold  . . .     Gourm    .     (armour unavailable)
rNeg   . . .     Faith    .     (shield unavailable)
rPois  .         Spirit   .     (helmet unavailable)
rElec  .         Reflect  .     (cloak unavailable)
rCorr  .         Harm     .     (gloves unavailable)
MR     .....                    (boots unavailable)
Stlth  ++........               (no amulet)
                                (no ring)
                                (no ring)

@: corroded, quick
A: no armour, no weapons or thrown items, stealth, claws 1, fangs 3, see
invisible, carnivore 3, speed 1, shaggy fur 1, slow metabolism 1, sharp paws
a: no special abilities


You were on level 3 of the Dungeon.
You were full.

You visited 1 branch of the dungeon, and saw 3 of its levels.

You collected 88 gold pieces.

Inventory:

Jewellery
 o - an uncursed ring of protection from fire {unknown}
Scrolls
 d - 3 scrolls of identify {unknown}
 h - a scroll of blinking {unknown}
 m - a scroll of remove curse {unknown}
 n - 2 scrolls of fog {unknown}
Potions
 a - a potion of might
 c - a potion of heal wounds {unknown}
 e - a potion of degeneration {unknown}
 f - 2 potions of invisibility {unknown}
 g - 2 potions of brilliance {unknown}
 i - 3 potions of curing {unknown}
 k - a potion of lignification {unknown}
 l - a potion of berserk rage {unknown}
 q - a potion of haste {unknown}
Comestibles
 b - a meat ration
 j - 2 bread rations
 p - 3 fruits


   Skills:
 + Level 3.3 Fighting
 + Level 4.5 Dodging
 + Level 1.5 Stealth
 + Level 4.9 Unarmed Combat


You had 2 spell levels left.
You didn't know any spells.

Dungeon Overview and Level Annotations

Branches:
Dungeon (3/15)

Altars:
Elyvilon


Innate Abilities, Weirdness & Mutations

You cannot wear armour.
You are incapable of wielding weapons or throwing items.
Your paws allow you to move quietly. (Stealth)
You have sharp claws.
You have razor-sharp teeth.
You have supernaturally acute eyesight. (SInv)
You are carnivorous and can eat meat at any time.
You cover ground quickly.
You are covered in fur. (AC +1)
You have a slow metabolism.
Your sharp claws are effective at attacking unaware monsters.


Message History

q - a fuming green potion You found a teleport trap!
Done exploring.
Done exploring.
Done exploring.
There is a stone staircase leading down here.
You climb downwards.
There is a stone staircase leading up here.
A jelly comes into view.
The jelly quivers.
You scratch the jelly.
Your paws burn!
You bite the jelly.
The jelly is heavily wounded.
The jelly hits you. The acid corrodes you!
You are splashed with acid!
The acid burns!
* * * LOW HITPOINT WARNING * * *
You scratch the jelly.
Your paws burn!
* * * LOW HITPOINT WARNING * * *
The jelly is severely wounded.
The jelly hits you.
You die...

# #..##..##.#.#
#.##............
..............
#..##........
#.<##........
#.#..........
#..###........
##..###..#.....
.......@.# .#..
##..###J.# ...
#.. #..# .. ...
.... . .....
##..##. .... ..
#... ..


You could see a jelly.

Vanquished Creatures
  A gnoll (D:1)
  An ooze (D:2)
  2 dart slugs (D:1)
  A leopard gecko (D:1)
  7 bats
  A giant cockroach (D:2)
  6 hobgoblins
  4 jackals (D:1)
  5 kobolds
  3 frilled lizards
  7 goblins
  6 rats
44 creatures vanquished.

Notes
Turn   | Place    | Note
-------+----------+-------------------------------------------
     0 | D:1      | equalderp2856 the Felid Fighter began the quest for the Orb.
     0 | D:1      | Reached XP level 1. HP: 10/10 MP: 2/2
   337 | D:1      | Reached XP level 2. HP: 7/14 MP: 3/3
   861 | D:1      | Reached XP level 3. HP: 12/17 MP: 4/4
  1060 | D:1      | Reached skill level 1 in Stealth
  1469 | D:2      | Found a white marble altar of Elyvilon.
  2061 | D:3      | Slain by a jelly

Skill      XL: |  1  2  3 |
---------------+----------+-----
Stealth        | 1 |  1.5
Fighting       | |  3.3
Dodging        | |  4.5
Unarmed Combat | |  4.9

Action                   || total
-------------------------++-------
Melee: Unarmed           ||    98
       Bite              ||    14
       Punch             ||     2
 Stab: Sleeping          ||     6
  Eat: Chunk             ||     5
Armor: Skin              ||     5
Dodge: Dodged            ||    78
